 Dungeon Crawl Stone Soup version 0.26-a0-962-g9b92081034 (webtiles) character file.

Game seed: 3970139075191641454

4965 KristoblXynda the Carver (level 10, -1/90 HPs)
             Began as a Yellow Draconian Gladiator on Dec 2, 2020.
             Was a Priest of Cheibriados.
             Killed by divine providence
             ... invoked by an orc priest
              (14 damage)
             ... on level 9 of the Dungeon.
             The game lasted 00:12:00 (11195 turns).

KristoblXynda the Carver (DrGl)                    Turns: 11195, Time: 00:12:01

Health: -1/90      AC:  9    Str: 22    XL:     10   Next: 28%
Magic:  11/11      EV: 18    Int: 23    God:    Cheibriados [***...]
Gold:   509        SH:  0    Dex: 20    Spells: 5/9 levels left

rFire    . . .     SeeInvis .   a - +0 long sword
rCold    . . .     Faith    .   (no shield)
rNeg     . . .     Spirit   .   (armour unavailable)
rPois    .         Reflect  .   b - +1 hat
rElec    .         Harm     .   g - +0 cloak
rCorr    +         Rampage  .   (no gloves)
MR       .....                  (no boots)
Stlth    ++........             (no amulet)
HPRegen  0.25/turn              j - +6 ring of intelligence
MPRegen  0.12/turn              (no ring)

@: very slow
A: spit acid, unfitting armour, cold-blooded, acid resistance, AC +7
a: Breathe Acid, Bend Time, Temporal Distortion, Renounce Religion


You were on level 9 of the Dungeon.
You worshipped Cheibriados.
Cheibriados was most pleased with you.
You visited 2 branches of the dungeon, and saw 10 of its levels.

You collected 509 gold pieces.

Inventory:

Hand Weapons
 a - a +0 long sword (weapon)
 l - a +3 short sword of draining
Missiles
 c - 3 throwing nets (quivered)
Armour
 b - a +1 hat (worn)
 g - a +0 cloak (worn)
Jewellery
 i - an uncursed amulet of guardian spirit {unknown}
 j - a +6 ring of intelligence (left hand)
 r - a +6 ring of dexterity
 u - an uncursed ring of flight
Wands
 e - a wand of iceblast (13)
 n - a wand of digging (2)
 p - a wand of disintegration (10)
Scrolls
 h - a scroll of vulnerability {unknown}
 k - 6 scrolls of fog
 q - 5 scrolls of remove curse
 s - a scroll of teleportation
 w - a scroll of fear
Potions
 f - 2 potions of attraction
 m - 3 potions of curing
 o - 2 potions of haste
 t - a potion of ambrosia {unknown}
 z - a potion of degeneration {unknown}


   Skills:
 + Level 8.6 Fighting
 + Level 10.9 Long Blades
 - Level 2.0 Throwing
 + Level 7.5 Dodging
 + Level 1.9 Invocations


You had 5 spell levels left.
You knew the following spells:

 Your Spells              Type           Power        Failure   Level
a - Petrify               Tmut/Erth      #.......     83%         4

Your spell library contained the following spells:

 Spells                   Type           Power        Failure   Level
 Animate Skeleton         Necr           #.....       16%         1
 Pain                     Necr           #...         16%         1
 Sandblast                Erth           #.....       16%         1
 Passwall                 Tmut/Erth      #.......     24%         2
 Stone Arrow              Conj/Erth      #.....       43%         3
 Vampiric Draining        Necr           #.........   43%         3
 Animate Dead             Necr           #.........   83%         4
 Agony                    Necr           #.......     99%         5
 Lee's Rapid Deconstruct  Erth           #.........   99%         5


Dungeon Overview and Level Annotations

Branches:
Dungeon (9/15)             Temple (1/1) D:7            Lair (0/6) D:8
    Orc (0/2) D:9

Altars:
Ashenzari
Cheibriados
Dithmenos
Elyvilon
Fedhas
Gozag
Hepliaklqana
Kikubaaqudgha
Makhleb
Nemelex Xobeh
Okawaru
Qazlal
Ru
Sif Muna
Trog
Uskayaw
Vehumet
Wu Jian
Xom
Yredelemnul
Zin
The Shining One


Innate Abilities, Weirdness & Mutations

You can spit globs of acid.
Your golden yellow scales are hard. (AC +7)
You cannot fit into any form of body armour.
You are cold-blooded and may be slowed by cold attacks.
You are resistant to acid. (rCorr)


Message History

Evoke which item? (* to show all) (? for menu, Esc to quit)
Aiming: Disintegrate
Press: ? - help, Shift-Dir - straight line, f - shadow
Aim: a shadow (moderately damaged, chance to defeat MR: 48%)
The shadow is blasted!
You blow up the shadow!
Cheibriados thoroughly appreciates the change of pace.
The goblin zombie closely misses you.
You hit the orc priest.
Your tail-slap misses the orc priest.
The orc priest is moderately wounded.
The orc priest misses you.
You riposte.
You hit the orc priest.
The orc priest is heavily wounded.
The goblin zombie barely misses you.
You riposte.
You slash the goblin zombie!
The goblin zombie is severely damaged.
You hit the orc priest but do no damage.
You tail-slap the orc priest.
The orc priest is almost dead.
The orc priest mumbles some strange prayers to Beogh against you.
Beogh smites you!
You die... .>... ..#. ...### ....# .. .ZZ## #.# ZZZ

...###o# #..#@#
#Z.# #.## ....
##.# ....
########.## ....
.........####.#
#..
.............#.#
#..#
##.#...)..####.#
#.##...
.###.###.##.####.#
#......


You could see an orc priest, a goblin zombie, 3 orc zombies, an ogre zombie and
a hobgoblin skeleton.

Vanquished Creatures
  A two-headed ogre (D:8)
  Prince Ribbit (D:5)
  3 shadows (D:9)
  3 wargs (D:8)
  3 orc warriors
  An eye of draining (D:8)
  2 black bears (D:7)
  A necrophage (D:7)
  2 ogres
  2 phantoms
  An ice beast (D:6)
  3 centaurs
  3 bullfrogs
  3 scorpions
  2 howler monkeys
  A centaur zombie (D:5)
  2 bullfrog zombies (D:5)
  3 jellies
  A hound (D:6)
  5 orc priests
  12 orc wizards
  3 iguanas (D:8)
  4 worker ants
  2 centaur skeletons
  A killer bee zombie (D:7)
  An ogre zombie (D:9)
  A worker ant zombie (D:8)
  11 gnolls
  10 adders
  2 white imps
  3 ufetubi
  An adder skeleton (D:5)
  3 worms
  3 dart slugs (D:1)
  4 leopard geckos
  30 orcs
  4 giant cockroaches
  16 goblins
  5 hobgoblins
  20 jackals
  10 kobolds
  6 quokkas
  7 ball pythons
  A ball python skeleton (D:4)
  6 bats
  6 frilled lizards
  A goblin zombie (D:9)
  A hobgoblin zombie (D:9)
  A leopard gecko skeleton (D:8)
  An orc skeleton (D:9)
  2 orc zombies (D:9)
  5 rats
226 creatures vanquished.

Vanquished Creatures (others)
  A rat (D:1)
1 creature vanquished.

Grand Total: 227 creatures vanquished

Notes
Turn   | Place    | Note
-------+----------+-------------------------------------------
     0 | D:1      | KristoblXynda the Draconian Gladiator began the quest for
                  | the Orb.
     0 | D:1      | Reached XP level 1. HP: 17/17 MP: 1/1
   240 | D:1      | Reached XP level 2. HP: 18/25 MP: 2/2
   775 | D:1      | Reached XP level 3. HP: 27/30 MP: 3/3
  1573 | D:2      | Reached XP level 4. HP: 22/37 MP: 4/4
  1576 | D:2      | Reached skill level 4 in Long Blades
  1737 | D:2      | Found an ancient bone altar of Kikubaaqudgha.
  1909 | D:2      | Found a radiant altar of Vehumet.
  2892 | D:3      | Reached XP level 5. HP: 42/45 MP: 5/5
  3302 | D:3      | Found an ornate altar of the Wu Jian Council.
  3302 | D:3      | Found a shadowy altar of Dithmenos.
  3741 | D:3      | Found a basalt altar of Yredelemnul.
  3783 | D:4      | Reached skill level 5 in Long Blades
  3953 | D:4      | Found a snail-covered altar of Cheibriados.
  3956 | D:4      | Found a shimmering altar of Xom.
  3956 | D:4      | Found a glowing silver altar of Zin.
  3996 | D:4      | Reached XP level 6. HP: 49/52 MP: 6/6
  4228 | D:4      | Found a shimmering altar of Xom.
  4229 | D:4      | Found a shimmering altar of Xom.
  4229 | D:4      | Found a shimmering altar of Xom.
  4830 | D:5      | Entered Level 5 of the Dungeon
  4846 | D:5      | Noticed Prince Ribbit
  4986 | D:5      | Your scales start taking on a golden yellow colour.
  4986 | D:5      | Reached XP level 7. HP: 21/60 MP: 7/7
  4986 | D:5      | Gained mutation: You are resistant to acid. (rCorr) [Yellow
                  | Draconian growth]
  5192 | D:5      | Killed Prince Ribbit
  5193 | D:5      | Reached skill level 6 in Long Blades
  5353 | D:5      | Reached skill level 5 in Fighting
  5518 | D:5      | Found a hazy altar of Hepliaklqana.
  5692 | D:5      | Reached skill level 7 in Long Blades
  6071 | D:6      | Reached skill level 5 in Dodging
  6071 | D:6      | Reached XP level 8. HP: 69/69 MP: 8/8
  6270 | D:4      | Became a worshipper of Cheibriados the Contemplative
  7023 | D:7      | Learned a level 4 spell: Petrify
  7067 | D:7      | Reached skill level 8 in Long Blades
  7174 | D:7      | Found a bloodstained altar of Trog.
  7770 | D:7      | Found a glowing golden altar of the Shining One.
  7924 | D:7      | Reached XP level 9. HP: 26/78 MP: 9/9
  8261 | D:7      | Found a staircase to the Ecumenical Temple.
  8670 | Temple   | Entered the Ecumenical Temple
  8892 | D:8      | Reached skill level 9 in Long Blades
  8927 | D:8      | Reached * piety under Cheibriados
  9273 | D:8      | Found a staircase to the Lair.
  9459 | D:8      | Reached ** piety under Cheibriados
  9790 | D:8      | Reached skill level 10 in Long Blades
  9836 | D:8      | Found a shimmering blue altar of Sif Muna.
 10387 | D:8      | Noticed a two-headed ogre
 10399 | D:8      | Killed a two-headed ogre
 10400 | D:8      | Reached XP level 10. HP: 29/89 MP: 10/10
 11144 | D:9      | Found a staircase to the Orcish Mines.
 11150 | D:9      | Reached *** piety under Cheibriados
 11167 | D:9      | Reached skill level 1 in Invocations
 11195 | D:9      | Killed from afar by an orc priest

Illustrated notes

Levels and vault maps discovered:
D:1:      onia_arrival_mini_spirals, layout_basic
D:2:      layout_rooms, marbit_many_paths, lemuel_crystal_altar
D:3:      layout_basic, lemuel_coloured_pillars_altar,
          gammafunk_temple_overflow_elements
D:4:      layout_loops_corners, grunt_temple_overflow_open,
          hangedman_decor_push, xom_redecorated
D:5:      layout_cave_pools, overflow_temple_1_default,
          minmay_misc_feat_ornament, uniq_prince_ribbit1
D:6:      layout_basic
D:7:      layout_cave_pods, trog_ov_bears_minmay, tso_metal_star,
          minmay_temple_entry_proselytizer, serial_park_tiny_1,
          bh_walls_and_bars
D:8:      layout_loops_ring, old_standard_altar, erik_lair_orcish_takeover,
          enter_bailey_3, hangedman_decor_slide_cut, grunt_ministairs_9,
          minmay_small_thing
D:9:      layout_basic, zombieorc1_lemuel
Temple:   dpeg_chambers_temple

Skill      XL: |  1  2  3  4  5  6  7  8  9 10 |
---------------+-------------------------------+-----
Throwing       | 2 |  2.0
Dodging        | 3 4 5 6 7 |  7.5
Long Blades    | 4 5 7 8 10 | 10.9
Fighting       | 3 4 5 6 8 |  8.6
Invocations    | 1 |  1.9

Action                   |  1- 3 |  4- 6 |  7- 9 | 10-12 || total
-------------------------+-------+-------+-------+-------++-------
Melee: Long sword        |    83 |   128 |       |    32 ||   243
       Tailslap          |    11 |    24 |    90 |     7 ||   132
       Short sword       |    10 |   124 |   489 |    58 ||   681
 Abil: Breathe Acid      |       |       |     1 |       ||     1
Evoke: Wand              |       |       |     3 |     1 ||     4
  Use: Scroll            |       |     6 |    10 |       ||    16
       Potion            |       |     1 |     2 |     2 ||     5
 Stab: Distracted        |     1 |       |       |       ||     1
       Sleeping          |       |     4 |     2 |     1 ||     7
Armor: Skin              |    43 |    57 |    93 |    41 ||   234
Dodge: Dodged            |    95 |   159 |   344 |    48 ||   646
       Rpst.: Long sword |    30 |    24 |       |     3 ||    57

Table legend: (Time is in decaauts)
 A = Elapsed time spent in this place.
 B = Non-inter-level travel time spent in this place.
 C = Inter-level travel time spent in this place.
 D = Time resting spent in this place.
 E = Time spent auto-exploring this place.
 F = Levels seen in this place.
 G = Mean time per level.
                   A        B        C        D        E       F      G
               +--------+--------+--------+--------+--------+-----+--------+
         Total |  11968 |  11646 |    322 |   2781 |   6915 |  10 | 1196.8 |
       Dungeon |  11695 |  11408 |    287 |   2781 |   6678 |   9 | 1299.4 |
        Temple |    273 |    239 |     34 |      0 |    236 |   1 |  273.0 |
               +--------+--------+--------+--------+--------+-----+--------+

Top non-repeatable levels by time:
     D:8: 2440 daAuts
     D:7: 1945 daAuts
     D:3: 1491 daAuts
     D:2: 1182 daAuts
     D:5: 1179 daAuts
     D:1: 1128 daAuts
     D:4: 1106 daAuts
     D:6: 1055 daAuts
  Temple: 273 daAuts
     D:9: 164 daAuts
